Cogmind - Beta 16 @@@ ROGUE MODE // 2025.11.20 @ 00:32:26 // Winter2019/RPGLIKE Player: daniels1231 Result: Core destroyed Performance ------------- Evolutions (1) 500 Regions Visited (4) 800 Robots Destroyed (51) 255 Value Destroyed (1338) 1338 Prototype IDs (0) 0 Alien Tech Used (0) 0 Bonus (200) 200 TOTAL SCORE: 3093 Bonus ------- Entered Garrisons 200 Cogmind --------- Core Integrity 0/600 Matter 112/300 Energy 160/160 System Corruption 0% Temperature Critical (567) Movement Flying (117) Ox1 Location -9/Garrison Parts ------- > --- POWER (1) -------- Light Nuclear Core > --- PROPULSION (4) --- Flight Unit Flight Unit > --- UTILITY (4) ------ Propulsion Shielding Hacking Suite > --- WEAPON (3) ------- Autogun Autogun Autogun > --- INVENTORY (2) ---- High-capacity Matter Pod (200) Datajack Peak State ------------ > --- POWER ------------ Light Nuclear Core > --- PROPULSION ------- Hover Unit Hover Unit Hover Unit VTOL Module > --- UTILITY ---------- Propulsion Shielding Light Armor Plating Medium Armor Plating Hacking Suite > --- WEAPON ----------- Autogun Autogun Autogun > --- INVENTORY -------- High-capacity Matter Pod Datajack [Rating: 21] Favorites ----------- Power Light Nuclear Core Engine Ion Engine Power Core Light Nuclear Core Propulsion Hover Unit Wheel Compact Wheel Hover Unit Hover Unit Flight Unit Flight Unit Utility Hacking Suite Storage Small Matter Pod Hackware Hacking Suite Protection Propulsion Shielding Weapon Autogun Energy Gun Medium Laser Ballistic Gun Autogun Launcher Grenade Launcher Special Melee Weapon Datajack Build | -11 -10 -9 -9 -9 ------- Run | Yrd Mat Mat Sto Gar Slots Evolved 8 | 3 . 3 2 . Power . | . . . . . Propulsion 3 | 1 . 1 1 . Utility 3 | 1 . 1 1 . Weapon 2 | 1 . 1 . . Parts Attached 25 | 5 8 5 6 1 Power 3 | 1 2 . . . Engine 1 | 1 . . . . Core 2 | . 2 . . . Reactor . | . . . . . Propulsion 9 | 2 . 3 4 . Treads . | . . . . . Leg . | . . . . . Wheel 2 | 2 . . . . Hover 3 | . . 3 . . Flight 4 | . . . 4 . Utility 6 | . 2 2 1 1 Device . | . . . . . Storage 1 | . 1 . . . Processor . | . . . . . Hackware 1 | . 1 . . . Protection 4 | . . 2 1 1 Artifact . | . . . . . Weapon 7 | 2 4 . 1 . Energy Gun 1 | 1 . . . . Energy Cannon . | . . . . . Ballistic Gun 4 | 1 3 . . . Ballistic Cannon . | . . . . . Launcher 1 | . 1 . . . Special Weapon . | . . . . . Impact Weapon . | . . . . . Slashing Weapon . | . . . . . Piercing Weapon . | . . . . . Special Melee Weapon 1 | . . . 1 . Unidentified Prototypes . | . . . . . Parts Lost 4 | . . . 1 3 Power . | . . . . . Propulsion 1 | . . . . 1 Utility 3 | . . . 1 2 Weapon . | . . . . . Highest Loss Streak 3 | . . . 1 3 To Critical Strikes . | . . . . . Average Backups 1 | . 1 1 1 2 Power . | . . . . . Propulsion . | . . . . . Utility . | . . 1 1 1 Weapon . | . 1 . . . Tool/Special . | . . . . . Unused Backups 1 | . . . . 1 Power . | . . . . . Propulsion . | . . . . . Utility 1 | . . . . 1 Weapon . | . . . . . Tool/Special . | . . . . . Average Slot Usage (%) 88 | . 82 91 89 85 Core 9 | . 12 11 8 8 Wheel 7 | . 28 3 . . Hover 14 | . . 20 22 . Flight 3 | . . . 2 24 Storage 2 | . 4 5 . . Hackware 8 | . 7 11 8 8 Protection 12 | . . 6 22 19 Ballistic Gun 26 | . 23 32 25 25 Peak Build Rating 21 | 5 13 17 21 19 Average Rating 15 | 4 10 14 18 18 On Entrance 10 | . 5 13 17 18 Avg Prop Armor Cover (%) . | . . . . . Naked Turns . | . . . . . Heaviest Build 25 | 9 12 18 25 25 Greatest Support 26 | 26 26 26 18 12 Greatest Overweight (x) 8 | 1 . 4 8 2 Average Overweight (x) . | . . . . 1 Largest Inventory Capacity 2 | 2 2 2 2 2 Average Capacity 1 | 1 2 2 2 2 Most Carried 2 | . 2 2 2 2 Average Carried 1 | . 1 1 1 2 Final Capacity 2 | 2 2 2 2 2 Final Carried 2 | . 2 1 2 2 Class Distribution -------------------- 48% | Scavenger-Tank 23% | Scavenger-Gunner 15% | Hacker-Mutant 12% | Mutant Dominant Class ---------------- Hacker-Mutant | -10/Materials Scavenger-Gunner | -9/Materials Scavenger-Tank | -9/Storage Scavenger-Tank | -9/Garrison Resources | -11 -10 -9 -9 -9 ----------- Run | Yrd Mat Mat Sto Gar Matter Collected 1785 | 181 339 534 661 70 Remotely . | . . . . . Salvage Created 1417 | . 171 275 677 294 Parts 118 | . 19 28 47 24 Haulers Intercepted . | . . . . . Recyclers Shooed 1 | . . 1 . . Parts Field Recycled . | . . . . . Retrieved Matter . | . . . . . Parts Self-Destructed . | . . . . . Prevented . | . . . . . Parts Restored . | . . . . . Kills | -11 -10 -9 -9 -9 ------- Run | Yrd Mat Mat Sto Gar Combat Hostiles Destroyed 37 | . 6 6 14 11 Guns 34 | . 4 6 13 11 AOE 3 | . 2 . 1 . Classes Destroyed 7 | . 4 2 1 . Worker 2 | . 1 . 1 . Recycler 4 | . . 1 3 . Operator 3 | . 2 . 1 . Watcher 5 | . 1 2 2 . Swarmer 10 | . . . 3 7 Grunt 17 | . 6 3 6 2 Sentry 10 | . . 3 5 2 Best Kill Streak 9 | . 3 3 6 9 Combat Bots Only 9 | . 2 3 5 9 Max Kills in Single Turn 2 | . 1 1 2 2 Gunslinging 1 | . . . . 1 Exploded 1 | . 1 . 1 . Melee . | . . . . . Uniques/NPCs Destroyed . | . . . . . Combat | -11 -10 -9 -9 -9 -------- Run | Yrd Mat Mat Sto Gar Hostile Shots Fired 213 | . 49 15 52 97 Missed 59 | . 11 8 17 23 Hits 154 | . 38 7 35 74 Projectile 154 | . 38 7 35 74 Critical Strikes 4 | . . 1 3 . Actively Blocked 1 | . . . 1 . Damage Taken 1997 | . 497 95 543 862 Core 1438 | . 411 77 344 606 Absorbed by Shields . | . . . . . Redirected to Core 994 | . 267 63 316 348 Redirected to Shielding 47 | . . . 31 16 Core Remaining (%) 83 | 100 67 . . . Volleys Fired 113 | . 33 20 41 19 Largest 3 | . 2 3 3 3 Hottest 80 | . 80 69 69 69 Shots Fired 305 | . 66 59 123 57 Gun 301 | . 62 59 123 57 Cannon . | . . . . . Launcher 4 | . 4 . . . Special . | . . . . . Kinetic 297 | . 58 59 123 57 Thermal 4 | . 4 . . . Explosive 4 | . 4 . . . Electromagnetic . | . . . . . Robot Hit Streak 15 | . 7 5 12 15 Robot Miss Streak 6 | . 3 6 4 4 Penetration Max . | . . . . . Secondary Targets 11 | . 2 1 3 5 Max Gunslinging Chain 2 | . 1 1 1 2 Shots Hit Robots 173 | . 46 26 71 30 Core Hits 73 | . 17 14 30 12 Critical Kills . | . . . . . Critical Parts Destroyed . | . . . . . Critical Strikes . | . . . . . Melee Attacks 2 | . . . 2 . Impact . | . . . . . Slashing . | . . . . . Piercing . | . . . . . Sneak Attacks 2 | . . . 2 . Combat Hostiles . | . . . . . Follow-up Attacks . | . . . . . Damage Inflicted 2948 | . 791 420 1233 504 Guns 2628 | . 656 420 1048 504 Cannons . | . . . . . Explosions 320 | . 135 . 185 . Melee . | . . . . . Ramming . | . . . . . Kinetic 2591 | . 619 420 1048 504 Thermal 37 | . 37 . . . Explosive 320 | . 135 . 185 . Electromagnetic . | . . . . . Impact . | . . . . . Slashing . | . . . . . Piercing . | . . . . . Highest Corruption . | . . . . . Average Corruption . | . . . . . Corruption Purged . | . . . . . Corruption Blocked . | . . . . . Overload Shots . | . . . . . Overflow Damage 38 | . . . 38 . Projectiles . | . . . . . Explosions 38 | . . . 38 . Melee . | . . . . . Knockbacks . | . . . . . Impact . | . . . . . Kinetic . | . . . . . Secondary . | . . . . . Self-Inflicted Damage 110 | . 31 . 79 . Shots 2 | . 1 . 1 . Rammed . | . . . . . Targets Rammed . | . . . . . Kicked . | . . . . . Crushed . | . . . . . Highest Temperature 567 | . 128 218 370 567 Average Temperature 133 | . 49 87 148 221 Received Heat Transfer 669 | . 258 57 195 159 Effects 8 | . . . 3 5 Shutdowns 1 | . . . . 1 Energy Bleed 3 | . . . 3 . Matter Decay 1 | . . . . 1 Short Circuit 1 | . . . . 1 Damage (core) 2 | . . . . 2 Siege Activations . | . . . . . Martial Activations . | . . . . . Shielding Activations . | . . . . . Robots Disrupted . | . . . . . Combat Hostiles . | . . . . . Robots Corrupted . | . . . . . Combat Hostiles . | . . . . . Parts Fried . | . . . . . Impact Corruptions . | . . . . . Robots Melted . | . . . . . Combat Hostiles . | . . . . . Parts Melted . | . . . . . Heat Transferred 111 | . 111 . . . Parts Sabotaged . | . . . . . Parts Stolen . | . . . . . Parts Stripped . | . . . . . Power Chain Reactions . | . . . . . Alert | -11 -10 -9 -9 -9 ------- Run | Yrd Mat Mat Sto Gar Maximum Alert Level 1 | . . . 1 1 Low Security (%) 88 | 100 100 100 75 75 Level 1 11 | . . . 24 24 Level 2 . | . . . . . Level 3 . | . . . . . Level 4 . | . . . . . Level 5 . | . . . . . High Security . | . . . . . Max Security . | . . . . . Peak Influence 354 | . 122 78 259 354 Initial 139 | . . 37 29 139 Average 86 | . 71 24 114 206 Influence Increases 1187 | . 249 211 482 245 Destroy 0b10 Robot/C 740 | . 120 120 280 220 Destroy 0b10 Robot/NC 70 | . 20 15 35 . Destroy Leader 170 | . 32 44 84 10 Successful Hack 7 | . . . 7 . Disable Machine 45 | . . 30 15 . Destroy Structure 35 | . 17 2 16 . Partial Spotted 15 | . . . 15 . Lose Combat Pursuer 105 | . 60 . 30 15 Influence Decreases 833 | . 160 230 337 106 Entered New Map 169 | . . 52 41 76 Time Decay 624 | . 160 178 286 . Lost Part 40 | . . . 10 30 Squads Dispatched 4 | . 1 1 2 . Investigation 1 | . . . 1 . Extermination . | . . . . . Reinforcement 3 | . 1 1 1 . Assault . | . . . . . Garrison . | . . . . . Intercept . | . . . . . Searches Triggered . | . . . . . Construction Impeded . | . . . . . Haulers Reinforced . | . . . . . Active Scanning Responses . | . . . . . Cargo Convoy Interrupts . | . . . . . Stealth | -11 -10 -9 -9 -9 --------- Run | Yrd Mat Mat Sto Gar Distress Signals 2 | . 1 . 1 . Communications Jammed . | . . . . . Distress Signals . | . . . . . Times Spotted 53 | . 13 9 19 12 Peak Tracking Total 10 | . 4 3 4 10 Tactical Retreats 5 | . 3 . 1 1 Traps | -11 -10 -9 -9 -9 ------- Run | Yrd Mat Mat Sto Gar Traps Triggered . | . . . . . Indirectly . | . . . . . Trap Hack Attempts . | . . . . . Triggered . | . . . . . Disarmed . | . . . . . Reprogrammed . | . . . . . Reused . | . . . . . Traps Extracted . | . . . . . Installed . | . . . . . Triggered . | . . . . . Machines | -11 -10 -9 -9 -9 ---------- Run | Yrd Mat Mat Sto Gar Machines Disabled 3 | . . 2 1 . Max in Single Turn 1 | . . 1 1 . Machines Repaired . | . . . . . Machines Dismantled . | . . . . . Machines Sabotaged . | . . . . . Overloaded Fab Kills . | . . . . . Hacking | -11 -10 -9 -9 -9 --------- Run | Yrd Mat Mat Sto Gar Machines Accessed 3 | . . . 3 . Terminals 2 | . . . 2 . Fabricators . | . . . . . Repair Stations . | . . . . . Recycling Units . | . . . . . Scanalyzers . | . . . . . Garrison Access 1 | . . . 1 . Total Hacks 5 | . . . 5 . Successful 4 | . . . 4 . Failed 1 | . . . 1 . Catastrophic . | . . . . . Database Lockouts . | . . . . . Manual 1 | . . . 1 . Terminals 4 | . . . 4 . Fabricators . | . . . . . Repair Stations . | . . . . . Recycling Units . | . . . . . Scanalyzers . | . . . . . Garrison Access 1 | . . . 1 . Terminal Hacks 3 | . . . 3 . Alert Level 1 | . . . 1 . Security Status 1 | . . . 1 . Recall Reinforcements 1 | . . . 1 . Fabricator Hacks . | . . . . . Repair Station Hacks . | . . . . . Recycling Unit Hacks . | . . . . . Scanalyzer . | . . . . . Garrison Access Hacks 1 | . . . 1 . Unlock Access 1 | . . . 1 . Unauthorized Hacks . | . . . . . Terminals . | . . . . . Fabricators . | . . . . . Repair Stations . | . . . . . Recycling Units . | . . . . . Scanalyzers . | . . . . . Garrison Access . | . . . . . Data Cores Recovered . | . . . . . Used . | . . . . . Hacking Detections 2 | . . . 2 . Full Trace Events 1 | . . . 1 . Feedback Events . | . . . . . Feedback Blocked . | . . . . . Robot Schematics Acquired . | . . . . . Robots Built . | . . . . . Authchips . | . . . . . Time . | . . . . . Total Robot Build Rating . | . . . . . Part Schematics Acquired . | . . . . . Parts Built . | . . . . . Authchips . | . . . . . Time . | . . . . . Total Part Build Rating . | . . . . . Part Studies Acquired . | . . . . . Parts Repaired . | . . . . . Time . | . . . . . Parts Recycled . | . . . . . Recycled Matter . | . . . . . Retrieved Matter . | . . . . . Retrieved Components . | . . . . . Parts Scanalyzed . | . . . . . Part Schematics Acquired . | . . . . . Parts Damaged . | . . . . . Bothacking | -11 -10 -9 -9 -9 ------------ Run | Yrd Mat Mat Sto Gar Used RIF Installer . | . . . . . Robots Hacked 1 | . . . 1 . Non-combat 1 | . . . 1 . Combat . | . . . . . Robot Hacks Applied 2 | . . . 2 . parse_system 1 | . . . 1 . find_recycling 1 | . . . 1 . Relay Couplers Released . | . . . . . Fabnet Peak Effective % . | . . . . . Robots Rewired . | . . . . . Allies Hacked . | . . . . . Hacks Repelled . | . . . . . Allies | -11 -10 -9 -9 -9 -------- Run | Yrd Mat Mat Sto Gar Total Allies . | . . . . . Largest Group . | . . . . . Highest-Rated Group . | . . . . . Highest-Rated Ally . | . . . . . Total Orders . | . . . . . Ally Attacks . | . . . . . Total Damage . | . . . . . Kills . | . . . . . Allies Corrupted . | . . . . . Allies Melted . | . . . . . Intel | -11 -10 -9 -9 -9 ------- Run | Yrd Mat Mat Sto Gar Active Infowar (turns) . | . . . . . Robot Analysis Total . | . . . . . Derelict Logs Recovered . | . . . . . Drone Launches . | . . . . . Drone Recoveries . | . . . . . Exploration | -11 -10 -9 -9 -9 ------------- Run | Yrd Mat Mat Sto Gar Turns Passed 1593 | 54 337 422 624 156 Spaces Moved 1199 | 56 250 383 458 52 Core 17 | 10 . 3 4 . Treads . | . . . . . Legs . | . . . . . Wheels 349 | 46 250 53 . . Hover 719 | . . 327 392 . Flight 114 | . . . 62 52 Fastest Speed 50 | 50 90 52 52 114 Average Speed 99 | 84 90 89 105 169 Slowest Speed 450 | 100 90 250 450 194 Overloaded Moves . | . . . . . Propulsion Burnouts . | . . . . . Robots Hopped . | . . . . . Potential Cave-ins . | . . . . . Cave-ins Triggered . | . . . . . Exploration Rate (%) 24 | 3 32 15 57 14 Regions Visited 4 Branch Regions 1 Pre-discovered Areas . | . . . . . Known Exits Taken 1 | . . . 1 . Unknown Exits Taken 3 | 1 1 1 . . Scrap Searched . | . . . . . Spaces Dug . | . . . . . Terrain Destroyed 42 | . 29 . 13 . Melee . | . . . . . Projectile . | . . . . . AOE 42 | . 29 . 13 . Terrain Rammed . | . . . . . Walls Destroyed . | . . . . . Machines Disabled . | . . . . . Actions | -11 -10 -9 -9 -9 --------- Run | Yrd Mat Mat Sto Gar Total 1413 | 60 307 429 528 89 Wait 17 | . . . . 17 Move 1195 | 55 249 382 457 52 Hop . | . . . . . Pick Up 3 | . . 2 1 . Fast Attach 24 | 5 7 5 6 1 Attach 1 | . . 1 . . Detach 5 | . 4 1 . . Swap 3 | . 1 . 2 . Drop 14 | . 4 5 5 . Fire 113 | . 33 20 41 19 Melee 2 | . . . 2 . Ram . | . . . . . Kick . | . . . . . Crush . | . . . . . Escape Stasis . | . . . . . Rewire . | . . . . . Trap . | . . . . . Miscellaneous 36 | . 9 13 14 . Route ------- -11/Scrapyard -10/Materials (discovered 2 exits: [*Mat] / [*Min]) -9/Materials -9/Storage (discovered 2 exits: [*Mat] / Gar) -9/Garrison History --------- Turn | Location | Event 2 | -11/Scrapyard | Upgraded with Propulsion slot (x1) 2 | -11/Scrapyard | Upgraded with Utility slot (x1) 2 | -11/Scrapyard | Upgraded with Weapon slot (x1) 28 | -11/Scrapyard | Discovered new exit (range 12) 55 | -11/Scrapyard | Entered Materials 230 | -10/Materials | Core integrity fell below 50% 253 | -10/Materials | Discovered new exit (range 11) 321 | -10/Materials | Discovered new exit (range 12) 392 | -10/Materials | Entered another Materials area 392 | -9/Materials | Discovered new exit (range 7) 394 | -9/Materials | Reached level 2 440 | -9/Materials | Upgraded with Weapon slot (x1) 441 | -9/Materials | Upgraded with Propulsion slot (x1) 735 | -9/Materials | Build established: Scavenger-Gunner 792 | -9/Materials | Reached level 3 795 | -9/Materials | Upgraded with Utility slot (x1) 814 | -9/Materials | Entered Storage 882 | -9/Storage | Reached level 4 890 | -9/Storage | Upgraded with Propulsion slot (x1) 900 | -9/Storage | Upgraded with Utility slot (x1) 1094 | -9/Storage | Build established: Scavenger-Tank 1297 | -9/Storage | Reached level 5 1405 | -9/Storage | Discovered new exit (range 15) 1437 | -9/Storage | Identified exit to Garrison 1438 | -9/Storage | Entered Garrison 1569 | -9/Garrison | Core integrity fell below 50% 1570 | -9/Garrison | Reached level 6 1593 | -9/Garrison | Core integrity fell below 20% 1595 | -9/Garrison | Core destroyed Last Messages --------------- 01570_ G-34 Mercenary destroyed. 01570_ Switching to secondary target: G-34 Mercenary. 01573_ Med. Armor Plating destroyed. 01578_ Flight Unit broken. 01578_ Overheating: Short circuit. 01578_ S-10 Pest destroyed. 01578_ Switching to secondary target: G-34 Mercenary. 01579_ Lgt. Armor Plating destroyed. 01584_ Power failure, Lgt. Nuclear Core shutdown. 01588_ Broken Flight Unit destroyed. 01593_ Overheating: Core damaged (-66). 01593_ S-10 Pest destroyed. 01593_ Switching to secondary target: G-34 Mercenary. 01593_ G-34 Mercenary destroyed. 01594_ Overheating: Matter decay (-35). 01595_ Overheating: Core damaged (-90). Map ----- +----------------------------------------------------+ | ?????????????????????????????????????????????????? | | ?????????????????????????????????????????????????? | | ?????????????????????????????????????????????????? | | ?????????????????????????????????????????????????? | | ?????????????????????????????????????????????????? | | ?????????????????????????????????????????????????? | | ?????????????????????????????????????????????????? | | ?????????????????????????????????????????????????? | | ?????????????????????????????????????????????????? | | ?????????????????????????????????????????????????? | | ?????????????????????????????????????????????????? | | ?????????????????????????????????????????????????? | | ?????????????????????????????????????? ????????? | | ?????????????????????????#######??""## ????????? | | ????????????????????????? ? ?????????? | | ?????????????????????????? ?? ??????????? | | ?????????????????????????? ? ???????????? | | ??????????????????????????# #? #??? #???????? | | ?????????????????????????## ## ## ?????????? | | ?????????????????????????? ???????????? | | ?????????????????????????? ???? "???????? | | ?????????????????????????? =* ???? ????????? | | ?????????????????????????? =* ???? ??????????? | | ??????????????????????????#=%%#??? #????????????? | | ????????????????###########[%[## ## #???????? | | ????????????????# @=%%* = ?????? | | ????????????????# %=[ =%[ ?????? | | ????????????????# ######## !%[! ?????? | | ????????????????# #??????###### #######??????? | | ????????????????# #????????????? #????????????? | | ????????????????# #???????????????##????????????? | | ????????????????# #?????????????????????????????? | | ????????????????# #?????????????????????????????? | | ????????????????# #?????????????????????????????? | | ????????????????# #?????????????????????????????? | | ????????????????# #?????????????????????????????? | | ????????????????# #?????????????????????????????? | | ???????##########![#?????????????????????????????? | | ???????# !%=%=#?????????????????????????????? | | ???????# !% ! #?????????????????????????????? | | ???????# #####[###?????????????????????????????? | | ???????# #???# #???????????????????????????????? | | ???????#####???# #???????????????????????????????? | | ???????????????# #???????????????????????????????? | | ???????????????# #???????????????????????????????? | | ??????????????? ???????????????????????????????? | | ???????????????# #???????????????????????????????? | | ???????????????# #???????????????????????????????? | | ???????????????? ????????????????????????????????? | | ???????????????? ????????????????????????????????? | +----------------------------------------------------+ Best States ------------- Heat Dissipation 25 Energy Generation 14 Energy Capacity 250 Matter Stores 350 Matter Capacity 350 Sight Range 16 Robot Scan Range 10 Terrain Scan Density 110 Armor Coverage 375 Propulsion Shielding 33 Evasion (%) 54 Offensive Hacking 20 Item Schematics ----------------- None Robot Schematics ------------------ None Fabricated ------------ Nothing Repaired ---------- Nothing Studied --------- None Alien Tech Used ----------------- None Achievements -------------- GoHome() Challenges ------------ None RPGLIKE | -11 -10 -9 -9 -9 --------- Run | Yrd Mat Mat Sto Gar Levels Raised 5 | . . 2 2 1 XP Earned 10825 | 3000 750 2450 2875 1750 XP Spent 8000 | 2300 600 2400 2200 500 Upgrades 18 | 6 2 3 2 5 Propulsion Slot 3 | 1 . 1 1 . Utility Slot 3 | 1 . 1 1 . Weapon Slot 2 | 1 . 1 . . Inventory Capacity 2 | 2 . . . . Sensor Range 5 | . . . . 5 Terrain Scan Density 1 | 1 . . . . Hack Attack % 2 | . 2 . . . Protomatter Created 604 | . 123 183 234 64 Integrity Restored 817 | . 216 294 307 . Core 795 | . 216 272 307 . Parts 22 | . . 22 . . Protomatter Decayed 149 | . 22 24 103 . Game ------ Seed WarpZhirovBallwheel Manual? 0 Play Time 00:15:51 Cumulative 13.5 hours Start 2025.11.20 @ 00:16:50 End 2025.11.20 @ 00:32:26 Sessions 1 Manual Loads 0 Difficulty Rogue Special Mode Winter2019/RPGLIKE Game No. 32 Rogue 28 Adventurer 4 Explorer 0 Win Type - Total 0 Types 0/0/0/0/0/0/0/0/0/0 Lore% 4 Gallery% 17 Achievement% 14 Wizard Run 0 Options --------- Layout 2 ASCII 0 Keyboard 0 Movement Arrows Keybinds 1 Fullscreen 2 Font 32/SmallcapsGlow Map View 50x44 Zoom Use 0% Tactical HUD 1 Map Filters NONE Filters NONE Steam 1 RUN: e33a5ffd-7565-4200-b8d8-8048a4ec93a5